 Dungeon Crawl Stone Soup version 0.24-a0-230-g536ed4e (webtiles) character file.

Game seed: 13828483495256227093

50726 Gunnerkreig the Destroyer (level 14, -12/103 HPs)
             Began as an Octopode Wizard on Apr 2, 2019.
             Was a High Priest of Vehumet.
             Mangled by a white ugly thing (27 damage)
             ... in an ice cave.
             The game lasted 01:38:01 (25554 turns).

Gunnerkreig the Destroyer (Octopode Wizard)        Turns: 25554, Time: 01:38:01

Health: -12/103    AC:  3    Str:  8    XL:     14   Next: 56%
Magic:  11/35      EV: 17    Int: 32    God:    Vehumet [*****.]
Gold:   450        SH:  9    Dex: 10    Spells: 0/29 levels left

rFire    + . .     SeeInvis .   d - +3 quick blade "Xoick" {pierce, rPois MP+9}
rCold    . . .     Gourm    .   j - +1 buckler
rNeg     . . .     Faith    .   a - +2 hat
rPois    +         Spirit   .   C - +4 amulet of reflection
rElec    .         Reflect  +   p - +6 ring of intelligence
rCorr    .         Harm     .   r - ring of flight
MR       +....                  A - +2 ring of slaying
Stlth    ++++......             (no ring)
HPRegen  0.27/turn              (no ring)
MPRegen  0.24/turn              (no ring)
                                (no ring)
                                (no ring)

@: hasted, very quick
A: almost no armour, stealthy swim, amphibious, 8 rings, constrict 8, camouflage
1, blink, clever 1, fire resistance 1, screaming 1, gelatinous body 1
a: Blink, Renounce Religion, Evoke Flight


You were in an ice cave.
You worshipped Vehumet.
Vehumet was extremely pleased with you.
You were not hungry.

You visited 3 branches of the dungeon, and saw 18 of its levels.
You also visited: Sewer and Ice Cave.

You collected 1050 gold pieces.
You spent 600 gold pieces at shops.

Inventory:

Hand Weapons
 d - the +3 quick blade "Xoick" (weapon) {pierce, rPois MP+9}
   (You bought it in a shop on level 11 of the Dungeon)

   It inflicts extra damage upon your enemies.
   It protects you from poison.
   It affects your magic capacity (+9).
 e - a +3 mace of freezing
 i - a +4 trident of protection
 E - a +3 falchion of flaming
 F - a +3 dagger of venom
Missiles
 g - 153 stones
 B - a throwing net
 D - 15 tomahawks (quivered)
 N - 48 sling bullets
Armour
 a - a +2 hat (worn)
 j - a +1 buckler (worn)
Magical Staves
 w - an uncursed staff of cold
 K - an uncursed staff of energy
Jewellery
 p - a +6 ring of intelligence (left tentacle)
 r - a ring of flight (right tentacle)
 u - an uncursed ring of fire
 A - a +2 ring of slaying (on tentacle)
 C - a +4 amulet of reflection (around mantle)
Wands
 k - a wand of disintegration (11)
 o - a wand of digging (5)
 z - a wand of enslavement (6)
 I - a wand of flame (32)
 L - a wand of paralysis (6)
 M - a wand of scattershot (3)
Scrolls
 b - 11 scrolls of remove curse
 q - a scroll of amnesia
 v - 5 scrolls of fog
 y - 7 scrolls of fear
 G - 4 scrolls of teleportation
 P - a scroll of holy word
Potions
 f - 2 potions of curing
 h - 3 potions of brilliance
 m - 2 potions of invisibility
 n - a potion of haste
 s - 5 potions of flight
 t - a potion of might
 x - a potion of berserk rage
 H - a potion of agility
 O - a potion of lignification
Miscellaneous
 J - a phantom mirror
Comestibles
 c - 25 rations


   Skills:
 - Level 12.0 Fighting
 - Level 2.1 Short Blades
 - Level 4.0 Polearms
 + Level 10.1 Dodging
 + Level 5.6 Stealth
 - Level 4.1 Shields
 - Level 1.1 Unarmed Combat
 - Level 8.2 Spellcasting
 * Level 13.8 Conjurations
   Level 1.0 Summonings
 - Level 2.0 Necromancy
 - Level 1.0 Translocations
 - Level 2.1 Fire Magic
 - Level 2.0 Air Magic
 - Level 2.3 Poison Magic
 - Level 5.0 Evocations


You couldn't memorise any spells.
You knew the following spells:

 Your Spells              Type           Power        Failure   Level  Hunger
a - Magic Dart            Conj           ####         0%          1    None
b - Conjure Flame         Conj/Fire      ######..     1%          3    None
c - Mephitic Cloud        Conj/Pois/Air  ######..     1%          3    None
d - Blink                 Tloc           N/A          3%          2    None
f - Shock                 Conj/Air       ####         1%          1    None
g - Bolt of Magma         Conj/Fire/Erth #####.....   3%          5    ####...
r - Bolt of Draining      Conj/Necr      ######....   1%          5    ####...
t - Throw Icicle          Conj/Ice       ######..     1%          4    None
w - Iskenderun's Battles  Conj/Chrm      ######..     1%          5    ####...

Your spell library contained the following spells:

 Spells                   Type           Power        Failure   Level  Hunger
 Olgreb's Toxic Radiance  Pois           ####....     4%          4    None
 Searing Ray              Conj           ######       0%          2    None
 Animate Skeleton         Necr           N/A          1%          1    None
 Dazzling Spray           Conj/Hex       ######       1%          3    None
 Force Lance              Conj/Tloc      ######..     1%          4    None
 Fulminant Prism          Conj/Hex       ######....   1%          4    None
 Iskenderun's Mystic Bla  Conj           #######.     1%          4    None
 Venom Bolt               Conj/Pois      ######....   1%          5    ####...
 Apportation              Tloc           ###...       2%          1    None
 Summon Small Mammal      Summ           ###.         2%          1    None
 Corpse Rot               Necr           N/A          2%          2    None
 Sublimation of Blood     Necr           ####......   2%          2    None
 Confusing Touch          Hex            ##....       3%          1    None
 Corona                   Hex            ##.....      3%          1    None
 Infusion                 Chrm           ##..         3%          1    None
 Call Imp                 Summ           ###.....     3%          2    None
 Orb of Destruction       Conj           #######...   3%          7    #######
 Shroud of Golubria       Chrm/Tloc      ###.......   4%          2    None
 Ensorcelled Hibernation  Hex/Ice        ##....       5%          2    None
 Slow                     Hex            ##......     5%          2    None
 Song of Slaying          Chrm           ##......     5%          2    None
 Recall                   Summ/Tloc      N/A          8%          3    None
 Regeneration             Chrm/Necr      ###.......   8%          3    None
 Iron Shot                Conj/Erth      ######....   9%          6    #####..
 Confuse                  Hex            ##......     11%         3    None
 Spectral Weapon          Hex/Chrm       ##......     11%         3    None
 Tukima's Dance           Hex            ##......     11%         3    None
 Spellforged Servitor     Conj/Summ      ######....   36%         7    #######
 Agony                    Necr           ####....     41%         5    ####...
 Dispel Undead            Necr           ####....     41%         5    ####...
 Aura of Abjuration       Summ           ###.......   56%         5    ####...
 Excruciating Wounds      Chrm/Necr      ###.......   56%         5    ####...
 Summon Demon             Summ           ###.......   56%         5    ####...
 Summon Forest            Summ/Tloc      ###.......   56%         5    ####...
 Summon Mana Viper        Hex/Summ       ###.....     63%         5    ####...
 Shadow Creatures         Summ           N/A          98%         6    #####..


Dungeon Overview and Level Annotations

Branches:
Dungeon (11/15)            Temple (1/1) D:6            Lair (6/6) D:11
  Swamp (0/4) Lair:3       Spider (0/4) Lair:2        Slime (0/5) Lair:6
    Orc (0/2) D:11

Altars:
Ashenzari
Cheibriados
Dithmenos
Elyvilon
Fedhas
Gozag
Hepliaklqana
Kikubaaqudgha
Makhleb
Nemelex Xobeh
Okawaru
Qazlal
Ru
Sif Muna
Trog
Uskayaw
Vehumet
Wu Jian
Xom
Yredelemnul
Zin
The Shining One
Beogh

Shops:
D:9 (   D:11 (

Annotations:
D:5 eel vault
D:10 ghost, big hydras, war axe and book, need relec for eels, kd29's ghost, journeyman HOMo
D:11 3 runed translucent doors, sokol815's ghost, journeyman FoFi


Innate Abilities, Weirdness & Mutations

You cannot wear most types of armour.
You are very stealthy in the water. (Stealth+)
You are amphibious.
You can wear up to eight rings at the same time.
You can use your tentacles to constrict eight enemies at once.
Your skin changes colour to match your surroundings (Stealth+).
Your rubbery body absorbs attacks. (AC +1, EV +1)
You can translocate small distances at will.
Your mind is acute. (Int +2)
Your flesh is heat resistant. (rF+)
You occasionally shout uncontrollably at your foes.


Message History

You feel your power returning.
The bolt of magma hits the ice beast!!
The ice beast melts!
You kill the ice beast!
Vehumet accepts your kill.
You feel your power returning.
The white ugly thing is engulfed in blazing flames.
The white ugly thing bites you! The white ugly thing freezes you!!
* * * LOW HITPOINT WARNING * * *
You feel better.
The white ugly thing is engulfed in blazing flames.
The white ugly thing misses you. You block the ice beast's attack.
Casting: Bolt of Magma (safe; 3% risk of failure)
Confirm with . or Enter, or press ? or * to list all spells.
Okay, then.
You feel yourself speed up.
The white ugly thing is engulfed in blazing flames.
The white ugly thing bites you!
* * * LOW HITPOINT WARNING * * *
The white ugly thing freezes you!!
You die...

#......(......#
#....8...8....#
#.............#
#...........#
#...........#
#.....∩.....#
##.....Y...##
##...∩uY§##
##..Y.@##
#######


You could see a white ugly thing and 3 ice beasts.

Vanquished Creatures
  Josephine (Lair:5)
  6 hydras
  Fannar (Lair:1)
  2 two-headed ogres
  An orc knight (D:11)
  A cyclops (D:10)
  10 elephants
  2 black mambas
  12 spiny frogs
  2 rime drakes (Lair:4)
  3 komodo dragons (Lair:1)
  5 jumping spiders (Lair:2)
  A polar bear (Lair:4)
  2 bog bodies (Lair:3)
  5 hippogriffs
  8 blink frogs
  A slime creature (Lair:6)
  A meliai zombie (D:11)
  3 redbacks (Lair:2)
  14 porcupines
  5 wraiths (Lair:5)
  36 yaks
  3 wyverns
  A fire elemental (Lair:3)
  6 fire bats (Lair:3)
  A basilisk (D:11)
  Menkaure (D:4)
  9 water moccasins
  16 ice beasts
  6 orc warriors
  3 sky beasts
  2 black bears
  2 phantoms
  A centaur (D:11)
  6 wolves (Lair:4)
  4 ogres
  10 crocodiles
  2 big kobolds (Sewer)
  11 bullfrogs
  A scorpion (D:6)
  A water moccasin skeleton (D:6)
  5 killer bees
  10 wights (D:10)
  8 electric eels
  8 howler monkeys
  2 crimson imps (D:6)
  A lava snake (Lair:3)
  3 bullfrog zombies
  A quasit (D:8)
  6 jellies
  11 orc priests
  7 orc wizards
  2 hounds (D:9)
  3 bullfrog skeletons
  A centaur skeleton (D:11)
  4 iguanas
  6 worker ants
  2 hound skeletons
  A worker ant zombie (D:7)
  6 gnolls
  13 adders
  7 river rats
  A shadow imp (D:8)
  6 oozes
  An adder skeleton (D:4)
  3 worms
  4 dart slugs
  5 leopard geckos
  57 orcs
  6 giant cockroaches
  5 hobgoblins
  6 jackals
  20 kobolds
  5 quokkas
  8 ball pythons
  17 bats
  8 frilled lizards
  8 goblins
  A leopard gecko zombie (D:8)
  29 rats
505 creatures vanquished.

Vanquished Creatures (others)
  A yak (Lair:3)
  2 orc warriors (D:11)
  An ogre (D:7)
  A human (D:5)
  A river rat (Sewer)
  A bush (Lair:3)
  6 fungi
  9 plants
22 creatures vanquished.

Grand Total: 527 creatures vanquished

Notes
Turn   | Place    | Note
-------+----------+-------------------------------------------
     0 | D:1      | Gunnerkreig the Octopode Wizard began the quest for the
                  | Orb.
     0 | D:1      | Reached XP level 1. HP: 11/11 MP: 4/4
   240 | D:1      | Reached XP level 2. HP: 17/17 MP: 0/6
   346 | D:1      | Reached skill level 2 in Conjurations
   745 | D:1      | Reached XP level 3. HP: 21/21 MP: 4/7
  1245 | D:2      | Learned a level 3 spell: Conjure Flame
  1249 | D:2      | Learned a level 3 spell: Mephitic Cloud
  1378 | D:2      | Reached skill level 3 in Conjurations
  1400 | D:2      | Reached XP level 4. HP: 27/27 MP: 1/8
  1890 | D:2      | Reached skill level 1 in Shields
  1912 | D:2      | Reached XP level 5. HP: 25/31 MP: 4/9
  2506 | D:3      | Found a glowing drain.
  2516 | D:3      | Reached skill level 4 in Conjurations
  2603 | Sewer    | Entered a sewer
  2801 | Sewer    | Reached skill level 5 in Stealth
  2877 | Sewer    | Noticed a big kobold
  2885 | Sewer    | Killed a big kobold
  2885 | Sewer    | Reached skill level 5 in Conjurations
  2885 | Sewer    | Reached XP level 6. HP: 34/36 MP: 0/10
  3574 | Sewer    | Reached skill level 1 in Fighting
  3574 | Sewer    | Reached skill level 1 in Air Magic
  3574 | Sewer    | Reached skill level 1 in Poison Magic
  3580 | Sewer    | Reached skill level 1 in Fire Magic
  3948 | D:3      | Found a hazy altar of Hepliaklqana.
  4040 | D:3      | Found an opulent altar of Gozag.
  4047 | D:3      | Reached XP level 7. HP: 39/43 MP: 6/11
  4081 | D:3      | Gained mutation: You are frail. (-10% HP) [potion of
                  | mutation]
  4081 | D:3      | Gained mutation: Your muscles are strong. (Str +2) [potion
                  | of mutation]
  4082 | D:3      | Lost mutation: You are frail. (-10% HP) [potion of
                  | mutation]
  4082 | D:3      | Lost mutation: Your muscles are strong. (Str +2) [potion of
                  | mutation]
  4082 | D:3      | Gained mutation: One of your tentacles bears a spike.
                  | [potion of mutation]
  4082 | D:3      | Gained mutation: You occasionally shout uncontrollably at
                  | your foes. [potion of mutation]
  4082 | D:3      | Gained mutation: You are dopey. (Int -2) [potion of
                  | mutation]
  4082 | D:3      | Gained mutation: You are partially covered in molten
                  | scales. (AC +2) [potion of mutation]
  4083 | D:3      | Lost mutation: You are dopey. (Int -2) [potion of mutation]
  4083 | D:3      | Lost mutation: You occasionally shout uncontrollably at
                  | your foes. [potion of mutation]
  4083 | D:3      | Gained mutation: Your spells are a little easier to cast,
                  | but a little less powerful. [potion of mutation]
  4083 | D:3      | Gained mutation: You are partially covered in yellow
                  | scales. (AC +2) [potion of mutation]
  4083 | D:3      | Gained mutation: You occasionally shout uncontrollably at
                  | your foes. [potion of mutation]
  4083 | D:3      | Gained mutation: You evolve. [potion of mutation]
  4084 | D:3      | Lost mutation: You are partially covered in yellow scales.
                  | (AC +2) [potion of mutation]
  4084 | D:3      | Lost mutation: You evolve. [potion of mutation]
  4084 | D:3      | Lost mutation: Your spells are a little easier to cast, but
                  | a little less powerful. [potion of mutation]
  4084 | D:3      | Lost mutation: You occasionally shout uncontrollably at
                  | your foes. [potion of mutation]
  4084 | D:3      | Gained mutation: You occasionally shout uncontrollably at
                  | your foes. [potion of mutation]
  4084 | D:3      | Gained mutation: You evolve. [potion of mutation]
  4509 | D:3      | Lost mutation: You are partially covered in molten scales.
                  | (AC +2) [potion of mutation]
  4509 | D:3      | Lost mutation: One of your tentacles bears a spike. [potion
                  | of mutation]
  4509 | D:3      | Gained mutation: You do not regenerate when monsters are
                  | visible. [potion of mutation]
  4509 | D:3      | Gained mutation: You can translocate small distances at
                  | will. [potion of mutation]
  4509 | D:3      | Lost mutation: You do not regenerate when monsters are
                  | visible. [potion of mutation]
  4735 | D:4      | Noticed Menkaure
  4807 | D:4      | Killed Menkaure
  5681 | D:5      | Entered Level 5 of the Dungeon
  5751 | D:5      | Reached XP level 8. HP: 41/52 MP: 1/12
  5857 | D:5      | Found an ancient bone altar of Kikubaaqudgha.
  6051 | D:5      | Gained mutation: Your mind is acute. (Int +2) [evolution]
  6615 | D:5      | Found a transporter.
  6631 | D:5      | Found a transporter.
  6843 | D:5      | Learned a level 2 spell: Blink
  7084 | D:5      | Reached skill level 1 in Unarmed Combat
  7225 | D:6      | Found a staircase to the Ecumenical Temple.
  7410 | D:6      | Reached skill level 6 in Conjurations
  7640 | D:6      | Reached XP level 9. HP: 49/60 MP: 2/14
  8289 | D:6      | Reached skill level 5 in Fighting
  8428 | Temple   | Entered the Ecumenical Temple
  8650 | Temple   | Became a worshipper of Vehumet
  9302 | D:7      | Gained mutation: Your flesh is heat resistant. (rF+)
                  | [evolution]
  9302 | D:7      | Lost mutation: You evolve. [end of evolution]
  9777 | D:8      | Reached skill level 7 in Conjurations
 10356 | D:8      | Reached * piety under Vehumet
 10356 | D:8      | Offered knowledge of Freeze by Vehumet.
 10389 | D:8      | Noticed a two-headed ogre
 10406 | D:8      | Killed a two-headed ogre
 10406 | D:8      | Reached skill level 5 in Spellcasting
 10406 | D:8      | Reached XP level 10. HP: 32/69 MP: 5/17
 10494 | D:8      | Reached skill level 5 in Dodging
 11113 | D:9      | Learned a level 2 spell: Call Imp
 11309 | D:9      | Reached skill level 8 in Conjurations
 11775 | D:9      | Found Poxzad's Antique Weapon Emporium.
 11796 | D:9      | Reached ** piety under Vehumet
 11796 | D:9      | Offered knowledge of Shock by Vehumet.
 11799 | D:9      | Learned a level 1 spell: Shock
 12018 | D:10     | Entered Level 10 of the Dungeon
 12018 | D:10     | Noticed a cyclops
 12028 | D:10     | Killed a cyclops
 12373 | D:10     | Found a runed translucent gate.
 12373 | D:10     | Found a runed translucent gate.
 12373 | D:10     | Found a runed translucent gate.
 12374 | D:10     | Noticed kd29's ghost (journeyman HOMo)
 12375 | D:10     | Noticed a 12-headed hydra
 12375 | D:10     | Noticed a 12-headed hydra
 12869 | D:10     | Reached skill level 1 in Polearms
 13262 | D:10     | Offered knowledge of Static Discharge by Vehumet.
 14265 | D:11     | Noticed a two-headed ogre
 14285 | D:11     | Killed a two-headed ogre
 14285 | D:11     | Reached skill level 9 in Conjurations
 14285 | D:11     | Reached XP level 11. HP: 43/77 MP: 3/20
 14328 | D:11     | Reached *** piety under Vehumet
 14820 | D:11     | Found a staircase to the Lair.
 14937 | D:11     | Learned a level 5 spell: Bolt of Draining
 15261 | D:11     | Offered knowledge of Throw Icicle by Vehumet.
 15404 | D:11     | Learned a level 4 spell: Throw Icicle
 15439 | D:11     | Found a runed translucent gate.
 15451 | D:11     | Reached skill level 1 in Necromancy
 15455 | D:11     | Found a runed translucent gate.
 15456 | D:11     | Found a roughly hewn altar of Beogh.
 15456 | D:11     | Found a runed translucent gate.
 15456 | D:11     | Found a staircase to the Orcish Mines.
 15457 | D:11     | Noticed an orc knight
 15457 | D:11     | Noticed sokol815's ghost (journeyman FoFi)
 15472 | D:11     | Found the macabre finger necklace {rN+}
 16194 | D:11     | Killed an orc knight
 16705 | D:11     | Found Boneffeh's Antique Weapon Emporium.
 16710 | D:11     | Bought a twisted quick blade for 600 gold pieces
 16710 | D:11     | Identified the +3 quick blade "Xoick" {pierce, rPois MP+9}
                  | (You bought it in a shop on level 11 of the Dungeon)
 16838 | Lair:1   | Entered Level 1 of the Lair of Beasts
 17169 | Lair:1   | Reached **** piety under Vehumet
 17344 | Lair:1   | Noticed Fannar
 17350 | Lair:1   | Killed Fannar
 17350 | Lair:1   | Reached skill level 10 in Conjurations
 17479 | Lair:1   | Reached XP level 12. HP: 85/85 MP: 21/22
 17779 | Lair:2   | Offered knowledge of Airstrike by Vehumet.
 18110 | Lair:2   | HP: 3/87 [yak (18)]
 18485 | Lair:2   | Found a hole to the Spider Nest.
 18594 | Lair:2   | Reached skill level 10 in Fighting
 18594 | Lair:2   | Reached skill level 11 in Conjurations
 18594 | Lair:2   | Reached XP level 13. HP: 93/93 MP: 25/25
 19245 | Lair:3   | Reached ***** piety under Vehumet
 19245 | Lair:3   | Offered knowledge of Conjure Ball Lightning by Vehumet.
 19284 | Lair:3   | You fall through a shaft!
 19755 | Lair:3   | Found a staircase to the Swamp.
 19779 | Lair:3   | Reached skill level 12 in Conjurations
 21212 | Lair:3   | Learned a level 5 spell: Iskenderun's Battlesphere
 21691 | Lair:3   | Reached skill level 1 in Evocations
 22490 | Lair:4   | Reached XP level 14. HP: 103/103 MP: 17/26
 23084 | Lair:4   | Reached skill level 13 in Conjurations
 23438 | Lair:5   | Found a sacrificial altar of Ru.
 23531 | Lair:5   | Reached skill level 1 in Short Blades
 23733 | Lair:5   | Reached skill level 10 in Dodging
 23888 | Lair:5   | Noticed Josephine
 23897 | Lair:5   | Killed Josephine
 24135 | Lair:5   | Reached skill level 5 in Evocations
 24462 | Lair:4   | Offered knowledge of Olgreb's Toxic Radiance by Vehumet.
 25084 | Lair:6   | Entered Level 6 of the Lair of Beasts
 25164 | Lair:6   | Found a staircase to the Slime Pits.
 25249 | Lair:6   | Learned a level 5 spell: Bolt of Magma
 25270 | Lair:6   | Found a frozen archway.
 25543 | IceCv    | Entered an ice cave
 25554 | IceCv    | Mangled by a white ugly thing

Levels and vault maps discovered:
D:1:      dpeg_arrival_tiny_g, layout_loops_ring, roderic_lattice_a, st_stairs_5
D:2:      layout_basic, first_ration, st_stairs_6
D:3:      layout_loops_ring, lemuel_crystal_altar, portal_sewer_entry_b,
          nicolae_gozag_seed_capital
D:4:      layout_rooms, uniq_menkaure
D:5:      gammafunk_steamed_eel, layout_loops_ring, tgw_kikubaaqudgha
D:6:      layout_layer_cave, temple_pool_b, st_stairs_3
D:7:      layout_loops_ring, grunt_ogre_cave
D:8:      layout_loops_ring
D:9:      layout_basic, serial_shops, nicolae_shop_stone
D:10:     layout_basic, serial_rivers, chequers_serial_rivers_small_b,
          chequers_serial_rivers_small_3, chequers_serial_rivers_room_b,
          chequers_serial_rivers_micro_e, chequers_serial_rivers_small_b,
          chequers_serial_rivers_micro_c, gammafunk_ghost_hydra_chop,
          serial_bayou_pond_e, serial_bayou_lake_a
D:11:     layout_cave_pools, minmay_lair_entry_grove, david_orc_5, serial_shops,
          kennysheep_little_box, gammafunk_ghost_necromancy,
          minmay_misc_feat_alley
Temple:   regret_index_temple_sigil_plot
Lair:1:   layout_roguey, uniq_fannar
Lair:2:   layout_misc_corridors, nicolae_spider_entry_tight_spaces
Lair:3:   layout_gridlike, skrybe_swamp_entry_bodies, gauntlet_entry_generic,
          minmay_holes, beast_lair_carwin_3
Lair:4:   layout_roguey
Lair:5:   layout_concentric_octagons, basic_altar, nicolae_quartered_pool_super,
          roderic_batcave, ldierk_geyser, beast_lair_carwin_4, uniq_josephine
Lair:6:   hangedman_lair_caniforms_friends, layout_regular_city,
          guppyfry_lair_end_dragon, minmay_slime_entry_pillars,
          portal_ice_cave_entry_ice_beasts, minivault_11,
          chequers_serial_rivers_micro_e
Sewer:    sewer_minmay_treatment
IceCv:    ice_cave_statue_garden_transporter

Skill      XL: |  1  2  3  4  5  6  7  8  9 10 11 12 13 14 |
---------------+-------------------------------------------+-----
Stealth        | 3 4 5 |  5.6
Conjurations   | 2 3 5 6 7 9 10 11 12 13 | 13.8
Shields        | 1 3 4 |  4.1
Fighting       | 1 3 4 6 8 9 10 12 | 12.0
Air Magic      | 1 2 |  2.0
Poison Magic   | 1 2 |  2.3
Fire Magic     | 1 2 |  2.1
Unarmed Combat | 1 |  1.1
Dodging        | 4 6 8 9 10 | 10.1
Spellcasting   | 5 6 8 |  8.2
Polearms       | 2 4 |  4.0
Necromancy     | 2 |  2.0
Evocations     | 1 5 |  5.0
Short Blades   | 2 |  2.1
Summonings     | |  1.0
Translocations | |  1.0

Action                   |  1- 3 |  4- 6 |  7- 9 | 10-12 | 13-15 || total
-------------------------+-------+-------+-------+-------+-------++-------
Melee: Unarmed           |    13 |       |       |     2 |       ||    15
       Constrict         |     7 |    17 |    35 |    29 |    11 ||    99
       Dagger            |     8 |    59 |   161 |    61 |       ||   289
       Tentacles         |     1 |     9 |    29 |    21 |    15 ||    75
       Kick              |       |       |     1 |       |       ||     1
       Spear             |       |       |    35 |       |       ||    35
       Trident           |       |       |       |    84 |       ||    84
       Punch             |       |       |       |     1 |     1 ||     2
       Quick blade       |       |       |       |    31 |   116 ||   147
       Falchion          |       |       |       |       |     8 ||     8
Throw: Stone             |       |    17 |    28 |       |       ||    45
       Tomahawk          |       |       |       |     8 |     1 ||     9
       Throwing net      |       |       |       |     1 |       ||     1
 Cast: Magic Dart        |    76 |   151 |   242 |   152 |    70 ||   691
       Mephitic Cloud    |       |     3 |    11 |    21 |     5 ||    40
       Conjure Flame     |       |     2 |    16 |    44 |    41 ||   103
       Blink             |       |       |     1 |     5 |     1 ||     7
       Shock             |       |       |       |   229 |   135 ||   364
       Call Imp          |       |       |       |     2 |       ||     2
       Throw Icicle      |       |       |       |    31 |   112 ||   143
       Bolt of Draining  |       |       |       |     2 |    14 ||    16
       Iskenderun's Batt |       |       |       |       |    13 ||    13
       Bolt of Magma     |       |       |       |       |    10 ||    10
Evoke: Wand              |       |       |       |     5 |     9 ||    14
  Use: Scroll            |       |     6 |    11 |    12 |     6 ||    35
       Potion            |       |     1 |    16 |    12 |     3 ||    32
 Stab: Confused          |       |     2 |     3 |     4 |       ||     9
       Sleeping          |       |       |     1 |       |     1 ||     2
  Eat: Chunk             |     1 |     5 |    21 |    18 |    22 ||    67
       Ration            |       |     1 |       |     2 |     2 ||     5
Armor: Skin              |     5 |     1 |     6 |    11 |    17 ||    40
Dodge: Dodged            |    32 |    44 |    83 |   117 |   146 ||   422
Block: Buckler           |       |       |    25 |    85 |    91 ||   201
       Reflection        |       |       |       |     7 |     1 ||     8

Table legend:
 A = Non-vault XP
 B = Vault XP
 C = Vault XP percentage of total XP
 D = Non-vault monster count
 E = Vault monster count
 F = Vault count percentage of total count
                 A         B        C        D         E       F
            +---------+---------+-------+---------+---------+-------
      Total |   41619 |   14242 |  25.5 |     365 |     144 |  28.3
            +---------+---------+-------+---------+---------+-------
        D:1 |      47 |       5 |   9.6 |      25 |       2 |   7.4
        D:2 |     116 |      15 |  11.5 |      28 |       2 |   6.7
        D:3 |      87 |      20 |  18.7 |      25 |       6 |  19.4
        D:4 |     313 |     172 |  35.5 |      12 |       1 |   7.7
        D:5 |     711 |       0 |   0.0 |      21 |       0 |   0.0
        D:6 |     732 |      70 |   8.7 |      14 |       1 |   6.7
        D:7 |     622 |     105 |  14.4 |      22 |       1 |   4.3
        D:8 |    1930 |       0 |   0.0 |      22 |       0 |   0.0
        D:9 |    1005 |       0 |   0.0 |      20 |       0 |   0.0
       D:10 |    2683 |     177 |   6.2 |      35 |       5 |  12.5
       D:11 |    2753 |    3310 |  54.6 |      25 |      30 |  54.5
     Lair:1 |    2691 |     981 |  26.7 |      12 |       1 |   7.7
     Lair:2 |    4072 |    2111 |  34.1 |      21 |       8 |  27.6
     Lair:3 |    6931 |    1967 |  22.1 |      29 |       7 |  19.4
     Lair:4 |   10014 |     418 |   4.0 |      33 |       2 |   5.7
     Lair:5 |    6250 |    2714 |  30.3 |      18 |      15 |  45.5
     Lair:6 |     662 |    1429 |  68.3 |       3 |      12 |  80.0
      Sewer |       0 |     366 | 100.0 |       0 |      48 | 100.0
      IceCv |       0 |     382 | 100.0 |       0 |       3 | 100.0
            +---------+---------+-------+---------+---------+-------
